 Dungeon Crawl Stone Soup version 0.29-a0-23-ga79f92ac9c (webtiles) character file.

Game seed: 2840596841682629223

100 HallandMoats the Skirmisher (level 4, -12/24 HPs)
             Began as a Vine Stalker Fighter on Jan 30, 2022.
             Blown up by Ijyb (16 damage)
             ... with a mindburst bolt
             ... on level 2 of the Dungeon.
             The game lasted 00:01:25 (1360 turns).

HallandMoats the Skirmisher (Vine Stalker Fighter)  Turns: 1360, Time: 00:01:25

Health: -12/24     AC:  6    Str: 18    XL:     4   Next: 74%
Magic:  0/6        EV:  9    Int:  8    God:
Gold:   104        SH:  5    Dex: 16    Spells: 3/3 levels left

rFire   . . .      SeeInvis .   a - +0 war axe
rCold   . . .      Faith    .   c - +0 buckler
rNeg    . . .      Spirit   +   b - +0 scale mail
rPois   .          Reflect  .   (no helmet)
rElec   .          Harm     .   (no cloak)
rCorr   .          Rampage  .   (no gloves)
Will    .....                   (no boots)
Stlth   ..........              (no amulet)
HPRegen 0.88/turn               (no ring)
MPRegen 0.10/turn               (no ring)

@: no status effects
A: fangs 2, regeneration 1, magic shield, antimagic bite, no potion heal 2
a: no special abilities


You were on level 2 of the Dungeon.
You visited 1 branch of the dungeon, and saw 2 of its levels.

You collected 104 gold pieces.

Inventory:

Hand Weapons
 a - a +0 war axe (weapon)
Armour
 b - a +0 scale mail (worn)
 c - a +0 buckler (worn)
Jewellery
 f - a ring of wizardry
Scrolls
 g - a scroll of identify {unknown}
 i - a scroll of brand weapon {unknown}
Potions
 d - 2 potions of might
 e - 2 potions of degeneration {unknown}
 h - a potion of curing {unknown}


   Skills:
 * Level 3.3 Fighting
 * Level 2.5 Axes
 + Level 2.7 Armour
 + Level 0.9 Dodging
 + Level 3.0 Shields
 * Level 1.7 Invocations


You had 3 spell levels left.
You didn't know any spells.
Your spell library was empty.

Dungeon Overview and Level Annotations

Branches:
Dungeon (2/15)

Altars:

Shops:
D:1 *

Annotations:
D:2 Ijyb


Innate Abilities, Weirdness & Mutations

You have extremely sharp teeth.
Your natural rate of healing is unusually fast.
When hurt, damage is shared between your health and your magic reserves.
Your bite disrupts and absorbs the magic of your enemies.
Potions cannot restore your health.


Message History

The goblin barely misses you.
You barely miss the goblin. You bite the goblin.
You kill the goblin!
You slash the goblin!
You kill the goblin!
You hit the goblin.
You kill the goblin!
You slash Ijyb! Your bite misses Ijyb.
Ijyb is moderately wounded.
Ijyb closely misses you.
Ijyb zaps a wand.
Your mind is blasted!
Ouch! That really hurt!
* * * LOW HITPOINT WARNING * * *
You are too injured to fight recklessly!
You are too injured to fight recklessly!
You are too injured to fight recklessly!
You are too injured to fight recklessly!
You are too injured to fight recklessly!
You are too injured to fight recklessly!
You are too injured to fight recklessly!
You are too injured to fight recklessly!
You are too injured to fight recklessly!
You are too injured to fight recklessly!
You are too injured to fight recklessly!
You are too injured to fight recklessly!
You are too injured to fight recklessly!
You are too injured to fight recklessly!
You are too injured to fight recklessly!
You are too injured to fight recklessly!
You are too injured to fight recklessly!
You are too injured to fight recklessly!
You are too injured to fight recklessly!
You barely miss Ijyb.
Ijyb is moderately wounded.
Ijyb hits you with a +0 dagger.
* * * LOW HITPOINT WARNING * * *
You hit Ijyb. You bite Ijyb. You drain her power.
You feel invigorated.
Ijyb is heavily wounded.
Ijyb zaps a wand.
Your mind is blasted!
Ouch! That really hurt!
You die...

# #.# #.... .
########.# #.### #
.....>...# #.# #
#........# #.# #######
#.######.#######.#
....... #............
#######
##########.##.........
###
.8.8.8)8...##....#####
..# ......g@...#####.#
#.# ......))...# .#
..## .# ......?....# #
.#.# #.# ?..........#
...###.# ...........#
#.#†##.# .8.8.8.8...#
....##.# ##########.#
.#.#.#.# .# # .....#.#
.. ####


You could see Ijyb.

Vanquished Creatures
  4 adders (D:2)
  2 dart slugs
  An endoplasm (D:2)
  4 giant cockroaches
  10 goblins
  4 hobgoblins
  8 jackals
  2 kobolds
  3 quokkas (D:2)
  7 bats
  3 frilled lizards
  3 rats
51 creatures vanquished.

Notes
Turn   | Place    | Note
-------+----------+-------------------------------------------
     0 | D:1      | HallandMoats the Vine Stalker Fighter began the quest for
                  | the Orb.
     0 | D:1      | Reached XP level 1. HP: 11/11 MP: 2/2
   119 | D:1      | Found Rimounol's General Store.
   148 | D:1      | Reached XP level 2. HP: 16/16 MP: 3/3
   193 | D:1      | Found a faded altar of an unknown god.
   744 | D:1      | Reached XP level 3. HP: 20/20 MP: 4/4
   851 | D:2      | Reached skill level 1 in Invocations
  1072 | D:2      | Gained mutation: Your natural rate of healing is unusually
                  | fast. [Vine Stalker growth]
  1072 | D:2      | Reached XP level 4. HP: 24/24 MP: 6/6
  1352 | D:2      | Noticed Ijyb
  1360 | D:2      | Blown up by Ijyb

Illustrated notes

Levels and vault maps discovered:
D:1:      dpeg_arrival_pits, layout_loops_ring, ebering_ecumenical_altar_hall,
          serial_shops, shop, moated_statue, minmay_box_of_dots
D:2:      kennysheep_the_goblin_king, layout_loops_ring,
          nicolae_concentric_dashed_squares_wild, hex_medium, st_stairs_4

Skill      XL: |  1  2  3  4 |
---------------+-------------+-----
Axes           | 2 |  2.5
Fighting       | 3 |  3.3
Invocations    | 1 |  1.7
Shields        | 3 |  3.0
Armour         | |  2.7
Dodging        | |  0.9

Action                   |  1- 3 |  4- 6 || total
-------------------------+-------+-------++-------
Melee: War axe           |    67 |    48 ||   115
       Bite              |    13 |     9 ||    22
Armor: Scale mail        |    38 |    19 ||    57
Dodge: Dodged            |    40 |    32 ||    72
Block: Buckler           |    15 |    11 ||    26

Table legend: (Time is in decaauts)
 A = Elapsed time spent in this place.
 B = Non-inter-level travel time spent in this place.
 C = Inter-level travel time spent in this place.
 D = Time resting spent in this place.
 E = Time spent auto-exploring this place.
 F = Levels seen in this place.
 G = Mean time per level.
                   A        B        C        D        E       F      G
               +--------+--------+--------+--------+--------+-----+--------+
         Total |   1408 |   1390 |     18 |      0 |   1116 |   2 |  704.0 |
       Dungeon |   1408 |   1390 |     18 |      0 |   1116 |   2 |  704.0 |
               +--------+--------+--------+--------+--------+-----+--------+

Top non-repeatable levels by time:
     D:1: 861 daAuts
     D:2: 547 daAuts
